AoeStats
← ✪Coαch_98

Black Forest

508810592Analyzed
4v4 RM · 6d ago on Sep 24, 2026· 35m 7s· 8 players
Game mode
Random Map
Map size
Large (8 player)
Population
200
Speed
Normal
Resources
Standard
Victory
Conquest
Starting age
Dark Age
Ending age
Imperial Age
RankedLock teamsTeams togetherTeam positionsShared explorationLock speedFull tech treeHidden civsTurbo modeCheats
Victory
Defeat
🇺🇸 Franks · United States
901
+9
🇨🇳 Danes · China
802
+12
🇨🇳 Khmer · China
784
+13
🇺🇸 Mongols · United States
733
+14
🇨🇴 Mongols · Colombia
749
-13
🇧🇷 Byzantines · Brazil
726
-12
🇷🇴 Slavs · Romania
704
-12
🇲🇽 Hindustanis · Mexico
685
-11
Robert08__10
17:10 Feudal Age
18:16 Horse Collar
18:25 Double-Bit Axe
22:50 Castle Age
25:09 Wheelbarrow
24:20 Town Watch
25:01 Loom
25:43 Heavy Plow
28:11 Bow Saw
XxPvtPiotrxX
0:58 Loom
14:10 Feudal Age
✪Coαch_98
11:16 Feudal Age
15:45 Castle Age
13:43 Horse Collar
14:26 Loom
14:58 Double-Bit Axe
15:04 Gold Mining
16:37 Stone Mining
19:16 Padded Archer Armor
24:07 Fletching
27:44 Bodkin Arrow
31:28 Gold Shaft Mining
31:28 Stone Shaft Mining
31:37 Heavy Plow
32:08 Leather Archer Armor
32:05 Forging
32:00 Scale Barding Armor
32:33 Wheelbarrow
31:44 Town Watch
TH*[KL]
0:35 Loom
19:26 Feudal Age
20:36 Horse Collar
22:04 Double-Bit Axe
24:54 Stone Mining
25:41 Gold Mining
28:31 Fletching
30:32 Scale Barding Armor
30:42 Forging
30:33 Scale Mail Armor
33:08 Castle Age
31:48 Man-at-Arms
thongvipusa1
0:43 Loom
10:56 Feudal Age
11:36 Double-Bit Axe
11:33 Horse Collar
12:31 Wheelbarrow
14:05 Gold Mining
14:05 Stone Mining
22:18 Castle Age
24:43 Padded Archer Armor
24:34 Fletching
25:59 Gold Shaft Mining
26:04 Stone Shaft Mining
29:27 Hand Cart
29:39 Bodkin Arrow
29:59 Leather Archer Armor
31:17 Leather Archer Armor
37:51 Imperial Age
hieutacoma
0:46 Loom
11:16 Feudal Age
19:00 Castle Age
17:46 Double-Bit Axe
17:56 Stone Mining
18:23 Gold Mining
32:00 Imperial Age
29:56 Bow Saw
29:58 Forging
29:49 Scale Mail Armor
32:40 Wheelbarrow
32:17 Husbandry
32:32 Scale Barding Armor
32:42 Chain Mail Armor
33:06 Iron Casting
34:03 Cavalier
35:23 Hoardings
36:29 Chemistry
Spike
11:42 Feudal Age
13:04 Horse Collar
13:18 Double-Bit Axe
13:48 Loom
14:51 Wheelbarrow
18:20 Castle Age
19:23 Bow Saw
19:32 Hand Cart
19:19 Heavy Plow
24:08 Hand Cart
24:23 Scale Mail Armor
24:33 Forging
25:13 Gold Mining
25:13 Stone Mining
25:59 Pikeman
30:18 Chain Mail Armor
30:38 Iron Casting
31:21 Gold Shaft Mining
31:21 Stone Shaft Mining
34:12 Imperial Age
31:52 Arson
32:08 Squires
31:53 Gambesons
33:18 Hamask
873108255
5:59 Loom
15:12 Feudal Age
34:32 Castle Age
Connection lost

Rejoining the realm…

Still unreachable

The connection could not be restored.

Session expired

The server has moved on; the page needs a fresh start.